 Dungeon Crawl Stone Soup version 0.29-a0-483-g69413ace17 (webtiles) character file.

Game seed: 3314684814293736256

399 croobank the Covert (level 6, -9/43 (53) HPs)
             Began as a Gnoll Delver on May 25, 2022.
             Mangled by a kobold
             ... wielding a +1 short sword of electrocution
              (19 damage)
             ... on level 5 of the Dungeon.
             The game lasted 00:17:12 (5564 turns).

croobank the Covert (Gnoll Delver)                  Turns: 5564, Time: 00:17:12

HP:   -9/43 (53)    AC: 10    Str: 11    XL:     6   Next: 84%
MP:   9/9           EV: 10    Int: 12    God:
Gold: 227           SH:  0    Dex: 13    Spells: 9/9 levels left

rFire   . . .      SeeInvis .   u - +2 dagger (flame)
rCold   . . .      Faith    .   (no shield)
rNeg    . . .      Spirit   .   d - +0 chain mail
rPois   +          Reflect  .   (no helmet)
rElec   .          Harm     .   (no cloak)
rCorr   .          Rampage  .   (no gloves)
Will    .....                   m - +1 pair of boots
Stlth   +.........              y - amulet of magic regeneration
HPRegen 0.14/turn               t - ring of poison resistance
MPRegen 0.51/turn               p - +4 ring of evasion

@: heavily drained
A: fangs 1, strong nose, distributed training
a: no special abilities


You were on level 5 of the Dungeon.
You visited 2 branches of the dungeon, and saw 6 of its levels.

You collected 227 gold pieces.

Inventory:

Hand Weapons
 a - a +0 hand axe
 b - a +1 hunting sling of flaming
 e - a +0 halberd
 o - a +0 short sword of holy wrath
 u - a +2 dagger of flaming (weapon)
 C - a +2 whip of draining
Missiles
 r - 183 stones
 w - 5 poisoned darts (quivered)
Armour
 d - a +0 chain mail (worn)
 h - a +0 leather armour
 i - a +0 ring mail
 m - a +1 pair of boots (worn)
Jewellery
 p - a +4 ring of evasion (right hand)
 t - a ring of poison resistance (left hand)
 v - a ring of wizardry
 y - an amulet of magic regeneration (around neck)
Wands
 g - a wand of digging (3)
Scrolls
 c - a scroll of fog
 j - a scroll of noise
 l - a scroll of fear
 n - 3 scrolls of identify {unknown}
 x - a scroll of poison {unknown}
Potions
 f - 2 potions of curing
 k - 2 potions of might {unknown}
 q - a potion of lignification {unknown}
 s - a potion of flight {unknown}
 z - a potion of berserk rage {unknown}
 A - a potion of degeneration {unknown}
 B - a potion of ambrosia {unknown}


   Skills:
 + Level 6.9 Fighting
 + Level 2.1 Short Blades
 + Level 2.1 Long Blades
 + Level 5.0 Axes
 + Level 2.1 Maces & Flails
 + Level 2.1 Polearms
 + Level 2.1 Staves
 + Level 2.1 Slings
 + Level 2.1 Bows
 + Level 2.1 Crossbows
 + Level 2.1 Throwing
 + Level 2.1 Armour
 + Level 5.0 Dodging
 + Level 9.8 Stealth
 + Level 2.1 Shields
 + Level 2.1 Unarmed Combat
 + Level 2.1 Spellcasting
 + Level 1.7 Conjurations
 + Level 1.7 Hexes
 + Level 1.7 Summonings
 + Level 1.7 Necromancy
 + Level 1.7 Translocations
 + Level 1.7 Transmutations
 + Level 1.7 Fire Magic
 + Level 1.7 Ice Magic
 + Level 1.7 Air Magic
 + Level 1.7 Earth Magic
 + Level 1.7 Poison Magic
 + Level 2.3 Invocations
 + Level 2.1 Evocations


You had 9 spell levels left.
You didn't know any spells.
Your spell library contained the following spells:

 Spells                   Type           Power      Damage    Failure   Level
 Apportation              Tloc           10%        N/A       100%        1
 Ensorcelled Hibernation  Hex/Ice        10%        N/A       100%        2
 Passwall                 Tmut/Erth      4%         N/A       100%        2
 Conjure Flame            Conj/Fire      5%         6-21      100%        3
 Ignite Poison            Fire/Tmut/Pois 5%         N/A       100%        3
 Swiftness                Air            5%         N/A       100%        3
 Sticky Flame             Conj/Fire      5%         2d3       100%        4
 Alistair's Intoxication  Tmut/Pois      3%         N/A       100%        5


Dungeon Overview and Level Annotations

Branches:
Dungeon (5/15)             Temple (1/1) D:4

Altars:
Ashenzari
Cheibriados
Dithmenos
Elyvilon
Fedhas
Hepliaklqana
Makhleb
Qazlal
Sif Muna
Trog
Uskayaw
Vehumet
Wu Jian
Xom
The Shining One


Innate Abilities, Weirdness & Mutations

You have very sharp teeth.
Your uncanny sense of smell can sniff out nearby items.
Your experience applies equally to all skills.


Message History

There is a stone staircase leading up here.
You hit the necrophage. You burn the necrophage.
The necrophage is lightly damaged.
The necrophage hits you but does no damage.
The kobold hits you but does no damage.
You are electrocuted!!
You barely miss the necrophage.
You bite the necrophage, but do no damage.
The necrophage is lightly damaged.
The necrophage hits you but does no damage.
The kobold hits you with a +1 short sword of electrocution.
You hit the necrophage. You burn the necrophage.
The necrophage is lightly damaged.
The necrophage hits you but does no damage.
The kobold hits you but does no damage.
You barely miss the necrophage.
The necrophage is lightly damaged.
The necrophage hits you. The kobold hits you but does no damage.
You hit the necrophage. You burn the necrophage.
The necrophage is moderately damaged.
The necrophage hits you.
You feel drained. The kobold completely misses you.
You hit the necrophage. You burn the necrophage.
The necrophage is heavily damaged.
The kobold hits you but does no damage. The necrophage hits you.
* * * LOW HITPOINT WARNING * * *
You feel drained.
* * * LOW HITPOINT WARNING * * *
You hit the necrophage but do no damage.
The necrophage is heavily damaged.
The necrophage barely misses you. The kobold barely misses you.
You hit the necrophage. You burn the necrophage.
The necrophage is severely damaged.
You completely miss the necrophage.
The necrophage is severely damaged.
The necrophage closely misses you. The kobold closely misses you.
You hit the necrophage but do no damage.
Your punch misses the necrophage.
The necrophage is severely damaged.
The necrophage hits you but does no damage.
The kobold hits you but does no damage.
You are electrocuted!!
You die...

...# #...##.# ...#
#...##.#
...###...##.#
.........##.#########
.....................
#..########.........#
#...# #.#######.#
#.#.## #.##.#..#.#
#.#..# #.##.n@K#.#
#.##.# #.##.##...# #.
#.## #.##......#
#.##..#####.#########
#..............
.......####.###
#....#.## #....#..#
#######.# .##


You could see a necrophage and a kobold.

Vanquished Creatures
  A water moccasin (D:3)
  A howler monkey (D:4)
  An orc priest (D:5)
  A hound (D:5)
  6 gnolls
  4 adders
  A shadow imp (D:5)
  2 worms
  10 orcs
  4 ball pythons
  7 endoplasms
  A giant cockroach (D:1)
  7 goblins
  6 hobgoblins
  8 jackals
  2 quokkas
  3 bats
  4 frilled lizards
  10 kobolds
  4 rats
83 creatures vanquished.

Vanquished Creatures (others)
  14 fungi (D:4)
14 creatures vanquished.

Grand Total: 97 creatures vanquished

Notes
Turn   | Place    | Note
-------+----------+-------------------------------------------
     0 | D:5      | Reached skill level 9 in Stealth
     0 | D:5      | croobank the Gnoll Delver began the quest for the Orb.
     0 | D:5      | Reached XP level 1. HP: 23/23 MP: 1/1
    42 | D:5      | Reached XP level 2. HP: 12/29 MP: 2/2
   454 | D:5      | Found a broken altar of Ashenzari.
   517 | D:4      | Found a staircase to the Ecumenical Temple.
   523 | D:4      | Noticed a necrophage
   526 | Temple   | Entered the Ecumenical Temple
   686 | D:4      | Noticed a howler monkey
   818 | D:3      | Reached XP level 3. HP: 29/35 MP: 3/3
  1258 | D:1      | Reached skill level 1 in Invocations
  1262 | D:1      | Found a faded altar of an unknown god.
  2028 | D:2      | Reached skill level 1 in Short Blades
  2028 | D:2      | Reached skill level 1 in Long Blades
  2028 | D:2      | Reached skill level 1 in Maces & Flails
  2028 | D:2      | Reached skill level 1 in Polearms
  2028 | D:2      | Reached skill level 1 in Staves
  2028 | D:2      | Reached skill level 1 in Slings
  2028 | D:2      | Reached skill level 1 in Bows
  2028 | D:2      | Reached skill level 1 in Crossbows
  2028 | D:2      | Reached skill level 1 in Throwing
  2028 | D:2      | Reached skill level 1 in Armour
  2028 | D:2      | Reached skill level 1 in Shields
  2028 | D:2      | Reached skill level 1 in Unarmed Combat
  2028 | D:2      | Reached skill level 1 in Spellcasting
  2028 | D:2      | Reached skill level 1 in Evocations
  2109 | D:2      | Reached XP level 4. HP: 41/41 MP: 5/5
  2592 | D:3      | Noticed a water moccasin
  2767 | D:3      | Reached skill level 1 in Conjurations
  2767 | D:3      | Reached skill level 1 in Hexes
  2767 | D:3      | Reached skill level 1 in Summonings
  2767 | D:3      | Reached skill level 1 in Necromancy
  2767 | D:3      | Reached skill level 1 in Translocations
  2767 | D:3      | Reached skill level 1 in Transmutations
  2767 | D:3      | Reached skill level 1 in Fire Magic
  2767 | D:3      | Reached skill level 1 in Ice Magic
  2767 | D:3      | Reached skill level 1 in Air Magic
  2767 | D:3      | Reached skill level 1 in Earth Magic
  2767 | D:3      | Reached skill level 1 in Poison Magic
  3323 | D:2      | Reached XP level 5. HP: 45/47 MP: 5/7
  3475 | D:3      | Killed a water moccasin
  3476 | D:3      | Reached XP level 6. HP: 41/53 MP: 8/8
  3783 | D:3      | Found an ornate altar of the Wu Jian Council.
  4017 | D:4      | Noticed a steam dragon
  4492 | D:5      | Reached skill level 5 in Axes
  4492 | D:5      | Reached skill level 5 in Dodging
  5564 | D:5      | Mangled by a kobold

Illustrated notes

Levels and vault maps discovered:
D:1:      dpeg_arrival_lava_temple_mockup, layout_basic,
          shapermc_ecumenical_altar_mp_vishouse
D:2:      layout_basic
D:3:      layout_rooms, lemuel_coloured_pillars_altar
D:4:      layout_rooms, mainiacjoe_overflow_alcove_1,
          minmay_temple_entry_offerings, dreamdust_mushroom_princess
D:5:      layout_basic, ashenzari_conservatory_becter, zin_scriptorium,
          chequers_serial_rivers_micro_c, minmay_ogre_servants
Temple:   nicolae_temple_god_jail

Skill      XL: |  1  2  3  4  5  6 |
---------------+-------------------+-----
Stealth        | |  9.8
Invocations    | 1 2 |  2.3
Short Blades   | 1 2 |  2.1
Long Blades    | 1 2 |  2.1
Maces & Flails | 1 2 |  2.1
Polearms       | 1 2 |  2.1
Staves         | 1 2 |  2.1
Slings         | 1 2 |  2.1
Bows           | 1 2 |  2.1
Crossbows      | 1 2 |  2.1
Throwing       | 1 2 |  2.1
Armour         | 1 2 |  2.1
Shields        | 1 2 |  2.1
Unarmed Combat | 1 2 |  2.1
Spellcasting   | 1 2 |  2.1
Evocations     | 1 2 |  2.1
Conjurations   | 1 |  1.7
Hexes          | 1 |  1.7
Summonings     | 1 |  1.7
Necromancy     | 1 |  1.7
Translocations | 1 |  1.7
Transmutations | 1 |  1.7
Fire Magic     | 1 |  1.7
Ice Magic      | 1 |  1.7
Air Magic      | 1 |  1.7
Earth Magic    | 1 |  1.7
Poison Magic   | 1 |  1.7
Axes           | 5 |  5.0
Dodging        | 5 |  5.0
Fighting       | |  6.9

Action                   |  1- 3 |  4- 6 || total
-------------------------+-------+-------++-------
Melee: Hand axe          |    99 |   171 ||   270
       Bite              |     5 |    35 ||    40
       Dagger            |       |    75 ||    75
       Punch             |       |     8 ||     8
 Fire: Hunting sling     |     3 |     1 ||     4
Throw: Dart              |       |     2 ||     2
  Use: Scroll            |     3 |     4 ||     7
       Potion            |     1 |     1 ||     2
 Stab: Sleeping          |    13 |     4 ||    17
       Distracted        |     1 |       ||     1
Armor: Ring mail         |    30 |    15 ||    45
       Chain mail        |       |   111 ||   111
Dodge: Dodged            |    53 |   174 ||   227

Table legend: (Time is in decaauts)
 A = Elapsed time spent in this place.
 B = Non-inter-level travel time spent in this place.
 C = Inter-level travel time spent in this place.
 D = Time resting spent in this place.
 E = Time spent auto-exploring this place.
 F = Levels seen in this place.
 G = Mean time per level.
                   A        B        C        D        E       F      G
               +--------+--------+--------+--------+--------+-----+--------+
         Total |   5572 |   5352 |    220 |   2103 |   2253 |   6 |  928.7 |
       Dungeon |   5444 |   5224 |    220 |   2103 |   2162 |   5 | 1088.8 |
        Temple |    128 |    128 |      0 |      0 |     91 |   1 |  128.0 |
               +--------+--------+--------+--------+--------+-----+--------+

Top non-repeatable levels by time:
     D:5: 1494 daAuts
     D:2: 1253 daAuts
     D:1: 1064 daAuts
     D:3: 963 daAuts
     D:4: 667 daAuts
  Temple: 128 daAuts
